 Dungeon Sprint DCSS version 0.30-a0-1160-g6e42c06551 (webtiles) character file.

Game seed: 16256607665259650266

171 sircluck the Cleaver (level 5, -4/56 HPs)
             Began as a Hill Orc Berserker on Apr 26, 2023.
             Was a Believer of Trog.
             Killed from afar by an oklob sapling wizard (11 damage)
             ... with a splash of acid
             ... in the Dungeon (Sprint IV: "Fedhas' Mad Dash").
             The game lasted 00:00:55 (660 turns).

sircluck the Cleaver (Hill Orc Berserker)            Turns: 660, Time: 00:00:56

Health: -4/56      AC: -1    Str: 22    XL:     5   Next: 51%
Magic:  5/5        EV: 12    Int:  7    God:    Trog [**....]
Gold:   82         SH:  0    Dex: 10    Spells: 4/4 levels left

rFire   . . .        a - +0 hand axe
rCold   . . .        (no shield)
rNeg    . . .        b - +0 animal skin
rPois   .            (no helmet)
rElec   .            (no cloak)
rCorr   .            (no gloves)
SInv    .            (no boots)
Will    .....        i - amulet of invisibility {+Inv}
Stlth   +            (no ring)
HPRegen 0.29/turn    (no ring)
MPRegen 0.09/turn

%: no teleportation
@: corroded
A: no striking features
a: Renounce Religion, Evoke Invisibility, Berserk, Trog's Hand


You were in the Dungeon.
You worshipped Trog.
Trog was pleased with you.
You visited 1 branch You collected 82 gold pieces.

Inventory:

Hand Weapons
 a - a +0 hand axe (weapon)
Armour
 b - a +0 animal skin (worn)
Jewellery
 i - the amulet of invisibility (around neck) {+Inv}
   (You found it in the Dungeon)

   [amulet of nothing]

   +Inv:      It lets you turn invisible.
Scrolls
 h - a scroll of blinking
Potions
 c - 2 potions of curing
 d - a potion of heal wounds
 e - a potion of haste
 f - 2 potions of magic
 g - a potion of berserk rage


   Skills:
 + Level 8.5 Fighting
 + Level 9.9 Axes
 + Level 4.3 Armour
 + Level 3.2 Dodging
 + Level 1.0 Stealth
 + Level 0.4 Evocations


You had 4 spell levels left.
You didn't know any spells.
Your spell library was empty.

Dungeon Overview and Level Annotations

Branches:
Dungeon (1/1)

Altars:
Cheibriados
Dithmenos
Elyvilon
Gozag
Hepliaklqana
Kikubaaqudgha
Makhleb
Nemelex Xobeh
Okawaru
Qazlal
Ru
Sif Muna
Trog
Uskayaw
Vehumet
Wu Jian
Xom
Yredelemnul
Zin
The Shining One
Beogh
Jiyva
Lugonu

Annotations:
D exclusion: oklob sapling


Message History

You start waiting.
You feel a strong urge to attack something.
You start waiting.
You feel your anger nearly subside.
You start waiting.
You are no longer berserk.
You are exhausted.
You feel yourself slow down.
You start waiting.
You flicker back into view.
You start waiting.
Your magical contamination has completely faded away.
You start waiting.
You feel yourself speed up.
There is a viscous altar of Jiyva here.
There is an ancient bone altar of Kikubaaqudgha here.
There is a corrupted altar of Lugonu here.
You recover from your berserk rage.
There is a corrupted altar of Lugonu here.
There is a corrupted altar of Lugonu here.
There is a corrupted altar of Lugonu here.
You open the door.
An oklob sapling wizard comes into view.
Marking area around an oklob sapling wizard as unsafe for travelling.
Found 12 gold pieces and a glowing bone wand.
There is an open door here.
Unknown command.
You hit the oklob sapling wizard but do no damage.
The oklob sapling wizard spits acid at you.
The splash of acid hits you!! The acid corrodes you!
You hit the oklob sapling wizard but do no damage.
You completely miss the oklob sapling wizard.
The oklob sapling wizard spits acid at you.
The splash of acid hits you!!
Ouch! That really hurt!
* * * LOW HITPOINT WARNING * * *
You hit the oklob sapling wizard but do no damage.
The oklob sapling wizard spits acid at you.
The splash of acid hits you!
You die...

###################
.#.⌠._._._._.⌠.#.$+
.'.._._._._._..'@P#
.#..._._._._...#..#
##.._._._._._..#./#
.#._._._._._.⌠.####
.############### ##


You could see an oklob sapling wizard.

Vanquished Creatures
  A scorpion (D)
  3 oklob saplings (D)
  A river rat (D)
  A rat (D)
6 creatures vanquished.

Notes
Turn   | Place    | Note
-------+----------+-------------------------------------------
     0 | D        | sircluck the Hill Orc Berserker began the quest for the
                  | Orb.
     0 | D        | Reached XP level 1. HP: 19/19 MP: 1/1
    11 | D        | Reached skill level 5 in Axes
    11 | D        | Reached XP level 2. HP: 21/28 MP: 2/2
    16 | D        | Noticed an oklob sapling
    20 | D        | Killed an oklob sapling
    20 | D        | Reached ** piety under Trog
    21 | D        | Reached skill level 6 in Axes
    21 | D        | Reached XP level 3. HP: 16/37 MP: 3/3
   111 | D        | Noticed a scorpion
   111 | D        | Found the amulet of invisibility {+Inv}
   120 | D        | Killed a scorpion
   121 | D        | Reached skill level 8 in Axes
   121 | D        | Reached XP level 4. HP: 47/47 MP: 4/4
   461 | D        | Reached skill level 9 in Axes
   461 | D        | Reached XP level 5. HP: 19/53 MP: 5/5
   588 | D        | Noticed a queen bee
   602 | D        | Found an opulent altar of Gozag.
   602 | D        | Found a hazy altar of Hepliaklqana.
   602 | D        | Found a burning altar of Makhleb.
   602 | D        | Found a roughly hewn altar of Beogh.
   602 | D        | Found a sparkling altar of Nemelex Xobeh.
   602 | D        | Found a snail-covered altar of Cheibriados.
   602 | D        | Found a sacrificial altar of Ru.
   602 | D        | Found a shimmering blue altar of Sif Muna.
   602 | D        | Found a shimmering altar of Xom.
   602 | D        | Found a basalt altar of Yredelemnul.
   609 | D        | Found a viscous altar of Jiyva.
   609 | D        | Found a bloodstained altar of Trog.
   609 | D        | Found an ornate altar of the Wu Jian Council.
   610 | D        | Found an iron altar of Okawaru.
   610 | D        | Found a shadowy altar of Dithmenos.
   610 | D        | Found a glowing silver altar of Zin.
   611 | D        | Found an ancient bone altar of Kikubaaqudgha.
   611 | D        | Found a hide-covered altar of Uskayaw.
   612 | D        | Found a stormy altar of Qazlal.
   612 | D        | Found a white marble altar of Elyvilon.
   612 | D        | Found a glowing golden altar of the Shining One.
   613 | D        | Found a corrupted altar of Lugonu.
   613 | D        | Found a radiant altar of Vehumet.
   620 | D        | Reached skill level 1 in Stealth
   660 | D        | Killed from afar by an oklob sapling wizard

Illustrated notes

Levels and vault maps discovered:
D:        dungeon_sprint_fedhas [sprint_temple]

Skill      XL: |  1  2  3  4  5 |
---------------+----------------+-----
Fighting       | 4 6 7 8 |  8.5
Axes           | 5 6 8 9 |  9.9
Armour         | 3 4 |  4.3
Dodging        | 2 3 |  3.2
Stealth        | 1 |  1.0
Evocations     | |  0.4

Action                     |  1- 3 |  4- 6 || total
---------------------------+-------+-------++-------
  Melee: Hand axe          |    15 |    11 ||    26
 Invoke: Berserk           |     2 |     1 ||     3
Ability: Evoke Invisibilit |       |     1 ||     1
  Dodge: Dodged            |     6 |     1 ||     7

Table legend: (Time is in decaauts)
 A = Elapsed time spent in this place.
 B = Non-inter-level travel time spent in this place.
 C = Inter-level travel time spent in this place.
 D = Time resting spent in this place.
 E = Time spent auto-exploring this place.
 F = Levels seen in this place.
 G = Mean time per level.
                   A        B        C        D        E       F      G
               +--------+--------+--------+--------+--------+-----+--------+
         Total |    688 |    688 |      0 |    460 |    135 |   1 |  688.0 |
       Dungeon |    688 |    688 |      0 |    460 |    135 |   1 |  688.0 |
               +--------+--------+--------+--------+--------+-----+--------+

Top non-repeatable levels by time:
       D: 688 daAuts
